 Dungeon Crawl Stone Soup version 0.30.1-4-g462c640d31 (webtiles) character file.

Game seed: 7743393772916253067

4701 Zeor the Cleaver (level 10, -4/70 (76) HPs)
             Began as a Demonspawn Berserker on Aug 11, 2023.
             Was an Elder of Trog.
             Slain by a troll (9 damage)
             ... on level 10 of the Dungeon.
             The game lasted 00:19:42 (7194 turns).

Zeor the Cleaver (Demonspawn Berserker)             Turns: 7194, Time: 00:19:42

HP:   -4/70 (76)    AC: 20    Str: 27    XL:     10   Next: 21%
MP:   0/10          EV:  8    Int:  8    God:    Trog [****..]
Gold: 719           SH:  0    Dex: 14    Spells: 9/9 levels left

rFire   . . .        a - +2 battleaxe (vamp)
rCold   . . .        (shield currently unavailable)
rNeg    . . .        B - +0 plate armour
rPois   .            (helmet restricted)
rElec   .            (no cloak)
rCorr   .            e - +1 pair of gloves
SInv    .            s - +1 pair of boots
Will    .....        q - amulet of guardian spirit Stlth
                     k - +4 ring of protection
HPRegen 0.31/turn    l - +6 ring of strength
MPRegen 0.12/turn

%: guardian spirit
@: on berserk cooldown, drained
A: horns 1, demonic guardian 2, demonic magic 1
a: Renounce Religion, Berserk, Trog's Hand, Brothers in Arms


You were on level 10 of the Dungeon.
You worshipped Trog.
Trog was greatly pleased with you.
You visited 1 branch of the dungeon, and saw 9 of its levels.

You collected 719 gold pieces.

Inventory:

Hand Weapons
 a - a +2 vampiric battleaxe (weapon)
 d - a +1 quarterstaff of distortion
 w - a +0 hand axe
 F - a +3 scimitar of flaming
Missiles
 D - 12 poisoned darts
 J - 6 javelins (quivered)
Armour
 e - a +1 pair of gloves (worn)
 s - a +1 pair of boots (worn)
 u - a +0 ring mail of willpower
 B - a +0 plate armour (worn)
Jewellery
 b - a ring of positive energy
 k - a +4 ring of protection (left hand)
 l - a +6 ring of strength (right hand)
 p - a ring of poison resistance
 q - an amulet of guardian spirit (around neck)
 r - a ring of ice
 y - an amulet of the acrobat
Wands
 z - a wand of iceblast (13)
 E - a wand of charming (5)
Scrolls
 c - 2 scrolls of torment
 f - 4 scrolls of teleportation
 n - 2 scrolls of fear
 v - a scroll of silence
 A - a scroll of immolation
 H - a scroll of enchant armour
 I - a scroll of blinking
Potions
 g - 2 potions of magic
 h - 7 potions of flight
 i - 3 potions of curing {unknown}
 j - 3 potions of heal wounds
 m - a potion of might {unknown}
 o - 3 potions of lignification
 t - 2 potions of mutation {unknown}
 x - 2 potions of haste {unknown}
 C - a potion of resistance {unknown}
 G - a potion of attraction {unknown}


   Skills:
 + Level 6.2 Fighting
 * Level 11.3 Axes
 + Level 5.3 Armour
 + Level 3.6 Dodging
 + Level 2.5 Stealth


You had 9 spell levels left.
You didn't know any spells.
Your spell library was empty.

Dungeon Overview and Level Annotations

Branches:
Dungeon (8/15)             Temple (0/1) D:7
   Lair: D:8-11

Altars:
Fedhas
Kikubaaqudgha
Ru
Sif Muna
Uskayaw
Vehumet
Wu Jian


Innate Abilities, Weirdness & Mutations

You have a pair of small horns on your head.
A demonic guardian rushes to your aid.
Spells you cast may paralyse adjacent enemies.


Message History

You feel your anger nearly subside.
You are no longer berserk.
You are exhausted.
You feel yourself slow down.
Things that are here:
a +4 long sword of freezing; a +0 robe You hear the faint creaking of a portcullis nearby.
Found 8 stones.
Your orange demon disappears in a puff of smoke!
A troll comes into view.
The troll shouts!
The troll bites you but does no damage. The troll claws you.
The troll claws you but does no damage.
You slice the troll!!
You feel better.
The troll is heavily wounded.
The troll barely misses you. The troll claws you. The troll closely misses you.
The troll bites you but does no damage. The troll claws you but does no damage.
The troll claws you!
You closely miss the troll.
The troll is moderately wounded.
The troll bites you. The troll barely misses you.
The troll claws you but does no damage. The troll bites you!
The troll claws you. The troll completely misses you.
You slash the troll! Your headbutt misses the troll.
The troll is severely wounded.
The troll bites you but does no damage. The troll claws you.
The troll claws you!
* * * LOW HITPOINT WARNING * * *
You closely miss the troll.
The troll is severely wounded.
You feel yourself speed up. The troll bites you.
* * * LOW HITPOINT WARNING * * *
The troll claws you!
* * * LOW HITPOINT WARNING * * *
A demonic guardian appears!
The troll claws you.
* * * LOW HITPOINT WARNING * * *
The troll bites you but does no damage. The troll barely misses you. x2
The troll attacks as you move away! The troll bites you but does no damage.
The troll claws you!
You die...

▒∙)∙∙▒▒∙▒∙▒ ▒∙∙▒▒▒∙∙∙∙▒
▒∙∙∙∙▒▒∙▒∙▒▒▒∙∙▒ ▒∙▒▒∙▒
▒∙∙∙∙▒∙∙▒∙∙∙∙∙∙▒ ▒∙▒▒∙▒
∙∙∙∙∙▒∙∙▒∙▒▒▒∙∙▒▒▒∙∙∙∙▒
∙∙∙∙∙∙∙∙∙∙∙∙∙∙∙∙∙∙∙∙▒▒∙▒
∙∙∙∙∙∙∙▒∙∙▒∙▒▒▒∙∙▒▒▒∙▒▒∙▒
∙∙∙▒▒▒▒▒▒▒∙∙∙∙∙∙∙∙∙∙∙∙∙∙∙▒
∙▒∙∙∙∙∙∙∙∙T∙4(▒▒▒∙∙▒▒∙∙▒▒▒▒
▒▒∙▒▒▒6∙∙∙∙∙∙∙▒▒∙∙▒▒▒▒▒
▒∙∙∙∙∙∙∙∙∙∙∙∙∙<∙∙∙∙∙
▒∙∙∙∙∙∙∙∙∙∙∙∙∙∙∙∙∙▒∙
▒▒▒▒▒▒∙∙∙▒∙▒▒∙∙▒▒▒▒
▒▒∙∙∙▒∙▒▒∙∙▒


∙∙∙∙∙∙∙ ▒∙∙▒ ▒∙∙∙▒∙▒▒∙∙▒▒▒▒ ▒▒∙∙∙▒∙∙∙∙∙∙∙∙▒∙ ▒∙∙∙∙▒∙▒∙∙∙∙∙∙∙∙ You could see a
troll (ally target) and a friendly ice devil (summoned).

Vanquished Creatures
  Erica (D:8)
  A boulder beetle (D:6)
  Pikel (D:4)
  A wyvern (D:7)
  Eustachio (D:4)
  Menkaure (D:7)
  3 water moccasins
  Duvessa (D:4)
  3 sky beasts (D:7)
  An ogre (D:6)
  3 centaurs
  A lemure (D:4)
  A kobold brigand (D:7)
  A scorpion (D:7)
  A bullfrog (D:7)
  8 wights
  5 killer bees (D:8)
  3 electric eels (D:7)
  2 jellies
  A hound (D:5)
  3 orc priests (D:8)
  3 iguanas
  A sleepcap (D:6)
  5 orc wizards
  8 adders
  A white imp (D:7)
  An ufetubus (D:7)
  2 worms
  A dart slug (D:2)
  14 orcs
  4 bats (D:1)
  6 endoplasms
  2 giant cockroaches
  4 goblins
  5 hobgoblins
  3 jackals (D:5)
  10 kobolds
  5 quokkas
  8 ball pythons
  5 frilled lizards
  6 rats
137 creatures vanquished.

Vanquished Creatures (collateral kills)
  A wight (D:10)
  Dowan (D:4)
  An iguana (D:7)
  An orc wizard (D:8)
4 creatures vanquished.

Grand Total: 141 creatures vanquished

Notes
Turn   | Place    | Note
-------+----------+-------------------------------------------
     0 | D:1      | Zeor the Demonspawn Berserker began the quest for the Orb.
     0 | D:1      | Reached XP level 1. HP: 18/18 MP: 1/1
   451 | D:1      | Gained mutation: Spells you cast may paralyse adjacent
                  | enemies. [demonic ancestry]
   451 | D:1      | Reached XP level 2. HP: 24/24 MP: 2/2
   504 | D:1      | Reached skill level 3 in Axes
   694 | D:1      | Reached ** piety under Trog
  1087 | D:2      | Reached XP level 3. HP: 29/29 MP: 3/3
  2166 | D:3      | Found an ancient bone altar of Kikubaaqudgha.
  2265 | D:3      | Reached skill level 1 in Stealth
  2265 | D:3      | Reached XP level 4. HP: 36/37 MP: 4/4
  2939 | D:4      | Noticed a lemure
  2942 | D:4      | Noticed Pikel
  2942 | D:4      | Noticed a lemure
  2942 | D:4      | Noticed a lemure
  2943 | D:4      | Noticed a lemure
  2948 | D:4      | Noticed Eustachio
  2952 | D:4      | Killed Pikel
  2952 | D:4      | Killed a lemure
  2953 | D:4      | Reached skill level 5 in Axes
  2953 | D:4      | Reached XP level 5. HP: 42/43 MP: 2/5
  2953 | D:4      | Gained mutation: A weak demonic guardian rushes to your
                  | aid. [demonic ancestry]
  2953 | D:4      | Reached XP level 6. HP: 48/49 MP: 2/6
  2953 | D:4      | Gained mutation: A demonic guardian rushes to your aid.
                  | [demonic ancestry]
  2953 | D:4      | Reached XP level 7. HP: 54/55 MP: 2/7
  2967 | D:4      | Killed Eustachio
  2968 | D:4      | Reached skill level 6 in Axes
  3051 | D:4      | Found a sacrificial altar of Ru.
  3437 | D:4      | Noticed Dowan
  3437 | D:4      | Noticed Duvessa
  3464 | D:4      | Killed Duvessa
  3467 | D:4      | Killed Dowan
  3720 | D:5      | Entered Level 5 of the Dungeon
  3952 | D:5      | Found a blossoming altar of Fedhas.
  4044 | D:5      | Gained mutation: You have a pair of small horns on your
                  | head. [demonic ancestry]
  4044 | D:5      | Reached XP level 8. HP: 18/61 MP: 5/8
  4052 | D:5      | HP: 3/61 [poisoned by a water moccasin]
  4488 | D:5      | Reached skill level 5 in Fighting
  4753 | D:6      | Reached skill level 7 in Axes
  4984 | D:6      | Noticed a boulder beetle
  5003 | D:6      | Killed a boulder beetle
  5004 | D:6      | Reached skill level 8 in Axes
  5004 | D:6      | Reached XP level 9. HP: 68/68 MP: 4/9
  5133 | D:6      | Reached *** piety under Trog
  5361 | D:6      | Found a hide-covered altar of Uskayaw.
  5453 | D:7      | Reached skill level 9 in Axes
  5505 | D:7      | Found an ornate altar of the Wu Jian Council.
  5619 | D:7      | Found a staircase to the Ecumenical Temple.
  6027 | D:7      | Noticed Menkaure
  6034 | D:7      | Killed Menkaure
  6035 | D:7      | Reached skill level 10 in Axes
  6320 | D:7      | Identified the +3 leather armour of Boiling Hail {*Corrode
                  | Int+3 Dex+3}
  6322 | D:7      | Found a shimmering blue altar of Sif Muna.
  6665 | D:8      | Reached skill level 5 in Armour
  6675 | D:8      | Noticed Erica
  6689 | D:8      | Killed Erica
  6690 | D:8      | Reached skill level 11 in Axes
  6690 | D:8      | Reached XP level 10. HP: 73/76 MP: 10/10
  6947 | D:8      | Reached **** piety under Trog
  6985 | D:8      | Found a radiant altar of Vehumet.
  7074 | D:8      | You fall into a shaft and drop 2 floors!
  7074 | D:10     | Entered Level 10 of the Dungeon
  7194 | D:10     | Slain by a troll

Illustrated notes

Levels and vault maps discovered:
D:1:      dpeg_arrival_circle_labyrinth_a, layout_basic, minmay_tripent
D:2:      layout_basic
D:3:      layout_basic, kiku_gazebo_garden_becter
D:4:      layout_basic, nicolae_ru_great_annihilating_truth,
          minmay_misc_feat_plants, uniq_pikel, uniq_eustachio, uniq_duvessa
D:5:      layout_basic, fedhas_altar_2, zin_statuary
D:6:      layout_basic, nicolae_uskayaw_dance_hall, serial_glass,
          glass_columns_c, glass_columns_a, glass_columns_a, glass_columns_a,
          glass_columns_b, glass_columns_b, minmay_microvault
D:7:      layout_loops_cross, mainiacjoe_overflow_alcove_1,
          mainiacjoe_overflow_paths, minmay_temple_entry_crystal_x,
          serial_bayou, serial_bayou_pond_b, serial_bayou_shore_a,
          serial_bayou_shore_b, serial_bayou_pond_c, uniq_menkaure
D:8:      layout_loops_cross, nicolae_vehumet_radiance, uniq_erica
D:10:     layout_basic, okawaru_trees_1, enter_bailey_7, serial_bayou_ford_a

Skill      XL: |  1  2  3  4  5  6  7  8  9 |
---------------+----------------------------+-----
Dodging        | 2 3 |  3.6
Axes           | 3 5 6 8 11 | 11.3
Stealth        | 1 2 |  2.5
Fighting       | 4 5 6 |  6.2
Armour         | 2 3 4 5 |  5.3

Action                     |  1- 3 |  4- 6 |  7- 9 | 10-12 || total
---------------------------+-------+-------+-------+-------++-------
  Melee: Hand axe          |   127 |    19 |   129 |       ||   275
         Punch             |     2 |       |     1 |       ||     3
         Battleaxe         |       |       |   178 |    24 ||   202
         Headbutt          |       |       |    37 |     6 ||    43
 Invoke: Berserk           |       |     1 |     2 |     1 ||     4
    Use: Scroll            |    13 |       |     5 |     1 ||    19
   Stab: Sleeping          |     1 |       |       |       ||     1
         Paralysed         |       |       |     3 |       ||     3
 Armour: Animal skin       |    34 |       |       |       ||    34
         Leather armour    |     5 |       |       |       ||     5
         Ring mail         |       |    11 |     6 |       ||    17
         Scale mail        |       |       |    21 |       ||    21
         Chain mail        |       |       |    59 |       ||    59
         Plate armour      |       |       |   122 |    34 ||   156
  Dodge: Dodged            |    81 |     7 |   130 |    24 ||   242
